 Dungeon Sprint DCSS version 0.26-a0-662-g8b9c6dab81 (webtiles) character file.

Game seed: 13079085964668559956

65 mhtbhm the Gusty (level 3, -9/19 HPs)
             Began as a Deep Elf Air Elementalist on Oct 10, 2020.
             Was an Initiate of Vehumet.
             Mangled by an ogre
             ... wielding a cursed +0 giant spiked club
              (28 damage)
             ... in the Dungeon (Sprint IX: "|||||||||||||||||||||||||||||").
             The game lasted 00:02:16 (474 turns).

mhtbhm the Gusty (Deep Elf Air Elementalist)         Turns: 474, Time: 00:02:17

Health: -9/19      AC:  4    Str:  5    XL:     3   Next: 92%
Magic:  5/12       EV: 15    Int: 20    God:    Vehumet [......]
Gold:   0          SH:  0    Dex: 21    Spells: 7/13 levels left

rFire    . . .     SeeInvis .   l - +2 rapier (venom)
rCold    . . .     Faith    .   (no shield)
rNeg     . . .     Spirit   .   a - +0 robe
rPois    .         Reflect  .   (no helmet)
rElec    .         Harm     .   m - +0 cloak
rCorr    .         Rampage  .   (no gloves)
MR       .....     NoTele   +   n - +0 pair of boots
Stlth    +++.......             (no amulet)
HPRegen  0.06/turn              o - +3 ring of dexterity
MPRegen  0.13/turn              p - +3 ring of dexterity

@: swift, very quick
A: no striking features
a: Renounce Religion


You were in the Dungeon.
You worshipped Vehumet.
Vehumet was noncommittal.
You visited 1 branch

Inventory:

Hand Weapons
 l - a +2 rapier of venom (weapon)
Armour
 a - a +0 robe (worn)
 m - a +0 cloak (worn)
 n - a +0 pair of boots (worn)
Jewellery
 o - a +3 ring of dexterity (left hand)
 p - a +3 ring of dexterity (right hand)
Wands
 k - a wand of iceblast (10)
Scrolls
 h - 2 scrolls of blinking
 i - 3 scrolls of remove curse
 j - 2 scrolls of amnesia
Potions
 b - a potion of invisibility
 c - 5 potions of curing
 d - 3 potions of heal wounds
 e - a potion of haste
 f - 4 potions of magic
 g - a potion of berserk rage


   Skills:
 + Level 4.1 Dodging
 + Level 3.7 Stealth
 + Level 5.5 Spellcasting
 + Level 1.7 Conjurations
 + Level 6.3 Air Magic


You had 7 spell levels left.
You knew the following spells:

 Your Spells              Type           Power        Failure   Level
a - Shock                 Conj/Air       ###.         2%          1
b - Swiftness             Air            ####....     1%          2
c - Static Discharge      Conj/Air       ###.....     6%          3

Your spell library contained the following spells:

 Spells                   Type           Power        Failure   Level
 Airstrike                Air            ####......   9%          4
 Lightning Bolt           Conj/Air       ###.......   52%         5


Dungeon Overview and Level Annotations

Branches:
Dungeon (1/1)

Altars:
Cheibriados
Dithmenos
Elyvilon
Fedhas
Gozag
Hepliaklqana
Kikubaaqudgha
Makhleb
Nemelex Xobeh
Okawaru
Qazlal
Ru
Sif Muna
Trog
Uskayaw
Vehumet
Wu Jian
Xom
Yredelemnul
Zin
The Shining One
Beogh
Jiyva
Lugonu


Message History

The yak is lightly wounded.
The zap misses the adder.
The zap hits the centaur.
The centaur is moderately wounded.
Unknown command.
Unknown command.
Casting: Shock (safe; 2% risk of failure)
Confirm with . or Enter, or press ? or * to list all spells.
The spell is quite dangerous to cast (6% risk of failure)!
Continue anyway?
Okay, then.
Casting: Static Discharge (quite dangerous; 6% risk of failure)
Confirm with . or Enter, or press ? or * to list all spells.
The spell is quite dangerous to cast (6% risk of failure)!
Continue anyway?
The ogre is struck by an arc of lightning!
The ogre is severely wounded.
The yak is struck by an arc of lightning.
The yak is moderately wounded.
The lightning grounds out.
The ogre hits you with a cursed +0 giant spiked club!!
Ouch! That really hurt!
You die... ▓▓▓▓▓▓▓▓▓▓▓▓▓▓▓▓▓▓▓▓▓▓▓▓▓▓▓▓ o...o)c.SYO@.)..'___________ ▓▓▓▓▓▓▓▓▓▓▓▓▓▓▓▓▓▓▓▓▓▓▓▓▓▓▓▓

You could see a yak, an ogre, a centaur, an adder and an orc.

Vanquished Creatures
  An orc wizard (D)
  An iguana (D)
  A dart slug (D)
  2 orcs (D)
  A bat skeleton (D)
  A giant cockroach (D)
  2 kobolds (D)
  A frilled lizard (D)
  A rat (D)
11 creatures vanquished.

Notes
Turn   | Place    | Note
-------+----------+-------------------------------------------
     0 | D        | mhtbhm the Deep Elf Air Elementalist began the quest for
                  | the Orb.
     0 | D        | Reached XP level 1. HP: 10/10 MP: 6/6
     7 | D        | Reached skill level 4 in Air Magic
    71 | D        | Noticed an iguana
    71 | D        | Noticed an orc wizard
    73 | D        | Reached XP level 2. HP: 15/15 MP: 5/8
    78 | D        | Reached skill level 5 in Air Magic
    78 | D        | Reached XP level 3. HP: 17/19 MP: 0/11
    81 | D        | Reached skill level 5 in Spellcasting
    81 | D        | Reached skill level 6 in Air Magic
   281 | D        | Found a roughly hewn altar of Beogh.
   281 | D        | Found a snail-covered altar of Cheibriados.
   281 | D        | Found a shadowy altar of Dithmenos.
   281 | D        | Found a white marble altar of Elyvilon.
   281 | D        | Found a blossoming altar of Fedhas.
   281 | D        | Found an opulent altar of Gozag.
   282 | D        | Found a hazy altar of Hepliaklqana.
   283 | D        | Found a viscous altar of Jiyva.
   284 | D        | Found an ancient bone altar of Kikubaaqudgha.
   285 | D        | Found a corrupted altar of Lugonu.
   286 | D        | Found a burning altar of Makhleb.
   287 | D        | Found a sparkling altar of Nemelex Xobeh.
   288 | D        | Found an iron altar of Okawaru.
   289 | D        | Found a stormy altar of Qazlal.
   290 | D        | Found a sacrificial altar of Ru.
   291 | D        | Found a shimmering blue altar of Sif Muna.
   292 | D        | Found a bloodstained altar of Trog.
   293 | D        | Found a hide-covered altar of Uskayaw.
   294 | D        | Found a radiant altar of Vehumet.
   297 | D        | Found an ornate altar of the Wu Jian Council.
   298 | D        | Found a shimmering altar of Xom.
   299 | D        | Found a basalt altar of Yredelemnul.
   300 | D        | Found a glowing silver altar of Zin.
   301 | D        | Found a glowing golden altar of the Shining One.
   308 | D        | Became a worshipper of Vehumet
   449 | D        | Learned a level 2 spell: Swiftness
   453 | D        | Learned a level 3 spell: Static Discharge
   465 | D        | Noticed a centaur
   465 | D        | Noticed a yak
   465 | D        | Noticed an ogre
   474 | D        | Mangled by an ogre

Illustrated notes

Levels and vault maps discovered:
D:        linesprint [early_d, line_temple, items_1, d_10, items_2, lair_1,
          lair_end, items_3, orc_1, orc_end, items_4, d_15, swamp_1, shoals_1,
          snake_1, spider_1, d_20, vaults_1, items_5, swamp_end, shoals_end,
          snake_end, spider_end, vaults_end, d_27, items_6, zot_1, zot_end,
          crypt_end, forest_end, elf_end, slime_end, tomb_end, abyss_end,
          pan_hell_end]

Skill      XL: |  1  2  3 |
---------------+----------+-----
Dodging        | 3 4 |  4.1
Stealth        | 3 |  3.7
Air Magic      | 4 5 6 |  6.3
Spellcasting   | 4 5 |  5.5
Conjurations   | |  1.7

Action                   || total
-------------------------++-------
 Cast: Shock             ||    15
       Swiftness         ||     1
       Static Discharge  ||     1
Armor: Robe              ||     2
Dodge: Dodged            ||     4

Table legend: (Time is in decaauts)
 A = Elapsed time spent in this place.
 B = Non-inter-level travel time spent in this place.
 C = Inter-level travel time spent in this place.
 D = Time resting spent in this place.
 E = Time spent auto-exploring this place.
 F = Levels seen in this place.
 G = Mean time per level.
                   A        B        C        D        E       F      G
               +--------+--------+--------+--------+--------+-----+--------+
         Total |    471 |    471 |      0 |    348 |      0 |   1 |  471.0 |
       Dungeon |    471 |    471 |      0 |    348 |      0 |   1 |  471.0 |
               +--------+--------+--------+--------+--------+-----+--------+

Top non-repeatable levels by time:
       D: 471 daAuts
